 Dungeon Crawl Stone Soup version 0.29-a0-1043-g569b05d6ff (webtiles) character file.

Game seed: 78340180981629114

3728 greasedhog the Skirmisher (level 10, -2/59 HPs)
             Began as a Gargoyle Hunter on Aug 15, 2022.
             Was a Believer of Dithmenos.
             Slain by a death yak (15 damage)
             ... on level 7 of the Dungeon.
             The game lasted 00:18:01 (10162 turns).

greasedhog the Skirmisher (Gargoyle Hunter)        Turns: 10162, Time: 00:18:02

Health: -2/59      AC: 18    Str: 15    XL:     10   Next: 14%
Magic:  13/13      EV: 14    Int: 10    God:    Dithmenos [**....]
Gold:   723        SH:  5    Dex: 17    Spells: 9/9 levels left

rFire   + + .      SeeInvis .   b - +2 short sword (drain)
rCold   . . .      Faith    .   (no shield)
rNeg    + . .      Spirit   .   C - +2 leather armour of Cuff {rF++}
rPois   ∞          Reflect  +   o - +0 helmet
rElec   +          Harm     .   A - +2 cloak
rCorr   .          Rampage  .   c - +0 pair of gloves
Will    .....                   (no boots)
Stlth   ++++......              d - amulet of reflection
HPRegen 0.19/turn               (no ring)
MPRegen 0.13/turn               (no ring)

@: wreathed by umbra
A: sickness immunity, AC +7, negative energy resistance 1, electricity
resistance, torment resistance 1, petrification resistance
a: Renounce Religion, Shadow Step


You were on level 7 of the Dungeon.
You worshipped Dithmenos.
Dithmenos was pleased with you.
You visited 2 branches of the dungeon, and saw 9 of its levels.
You also visited: Ossuary.

You collected 751 gold pieces.
You spent 28 gold pieces at shops.

Inventory:

Hand Weapons
 a - a +1 shortbow
 b - a +2 short sword of draining (weapon)
Missiles
 v - 8 poisoned darts
 B - 3 throwing nets
Armour
 c - a +0 pair of gloves (worn)
 o - a +0 helmet (worn)
 A - a +2 cloak (worn)
 C - the +2 leather armour of Cuff (worn) {rF++}
   (You found it on level 8 of the Dungeon)

   rF:        It greatly protects you from fire.
Jewellery
 d - an amulet of reflection (around neck)
 G - a +6 ring of dexterity
Wands
 H - a wand of acid (1)
Scrolls
 e - a scroll of enchant armour
 g - 4 scrolls of vulnerability
 i - 3 scrolls of poison
 j - 2 scrolls of fear
 l - 2 scrolls of immolation
 n - 7 scrolls of teleportation
 s - 4 scrolls of butterflies
 y - a scroll of summoning {unknown}
 D - a scroll of acquirement {unknown}
 E - a scroll of identify
 F - a scroll of enchant weapon
 J - a scroll of brand weapon {unknown}
Potions
 h - a potion of magic {unknown}
 k - 4 potions of curing
 m - 2 potions of degeneration {unknown}
 p - a potion of lignification {unknown}
 q - a potion of might
 r - 3 potions of attraction {unknown}
 t - 2 potions of invisibility {unknown}
 u - 4 potions of heal wounds {unknown}
 w - a potion of brilliance {unknown}
 x - 4 potions of mutation {unknown}
 z - a potion of flight {unknown}
 I - a potion of haste {unknown}


   Skills:
 - Level 5.0 Fighting
 * Level 10.9 Ranged Weapons
 * Level 3.1 Armour
 - Level 5.0 Dodging
 - Level 5.0 Stealth
 - Level 5.0 Invocations


You had 9 spell levels left.
You didn't know any spells.
Your spell library contained the following spells:

 Spells                   Type           Power      Damage    Failure   Level
 Apportation              Tloc           0%         N/A       43%         1
 Necrotise                Necr           0%         1d4       43%         1
 Shock                    Conj/Air       0%         1d3       43%         1
 Summon Small Mammal      Summ           0%         N/A       43%         1
 Static Discharge         Conj/Air       0%         3-3/arc   56%         2
 Swiftness                Air            0%         N/A       80%         3
 Airstrike                Air            0%         2d(0-16)  99%         4
 Dispel Undead            Necr           0%         3d6       99%         4
 Sticky Flame             Conj/Fire      0%         2d3       99%         4
 Summon Forest            Summ/Tloc      0%         N/A       100%        5
 Summon Mana Viper        Hex/Summ       0%         N/A       100%        5
 Summon Cactus Giant      Summ           0%         N/A       100%        6


Dungeon Overview and Level Annotations

Branches:
Dungeon (8/15)             Temple (1/1) D:6            Lair (0/5) D:8
Ossuary (visited)

Altars:
Ashenzari
Cheibriados
Dithmenos
Elyvilon
Fedhas
Hepliaklqana
Kikubaaqudgha
Makhleb
Nemelex Xobeh
Ru
Sif Muna
Trog
Uskayaw
Vehumet
Xom
Zin
The Shining One

Shops:
D:1 =   D:7 *   D:8 :

Annotations:
D:8 2 transporters


Innate Abilities, Weirdness & Mutations

You are immune to sickness and miasma.
Your stone body is resilient. (AC +7)
You are immune to poison.
You resist negative energy. (rN+)
You are resistant to electric shocks. (rElec)
You are resistant to unholy torment.
You are immune to petrification.


Message History

The death yak gores you!
You hit the death yak. You drain the death yak.
The death yak is moderately wounded.
The death yak gores you!
Aiming: Corrosive Bolt
Press: ? - help, Shift-Dir - straight line, f/p - death yak
Aim: a death yak (moderately wounded, covered in acid, lightly drained, umbra, 90% to hit)
The bolt of acid hits the death yak!
The death yak seems to be corroded for longer.
The death yak is heavily wounded.
The death yak gores you but does no damage.
Aiming: Corrosive Bolt
Press: ? - help, Shift-Dir - straight line, f/p - death yak
Aim: a death yak (heavily wounded, covered in acid, lightly drained, umbra, 90% to hit)
The bolt of acid hits the death yak!
The death yak is severely wounded.
The death yak barely misses you.
Aiming: Corrosive Bolt
Press: ? - help, Shift-Dir - straight line, f/p - death yak
Aim: a death yak (severely wounded, covered in acid, lightly drained, umbra, 90% to hit)
The bolt of acid hits the death yak!
The death yak is almost dead.
The death yak gores you but does no damage.
You barely miss the death yak.
The death yak is almost dead.
The death yak gores you.
You hit the death yak. You drain the death yak.
The death yak is almost dead.
The death yak closely misses you.
You barely miss the death yak.
The death yak is almost dead.
The death yak gores you but does no damage.
You hit the death yak.
The death yak is almost dead.
The death yak completely misses you. The death yak gores you!
* * * LOW HITPOINT WARNING * * *
You barely miss the death yak.
The death yak is almost dead.
The death yak gores you!
You die...

..##..#......#........##..##...#
..###'#......#........#...##...#
.(#..........#........#........#
###..........#........#........#
.............#........#........#
.......#######....##..#........#
...#####....##..).##..#........#
...#............÷.#...#...##'####
####...........Y@.#...#...#.....#
......##....##....#...#...#.....#
......##....##....#...#...#.....#
......#...........#...#...+.....#
......#...........#...#...#.....#
......+...........#...#...#.....#
'####'########....#...#####.....#
...#..##....##....##..#.........#
...#...#....##....##..#.........#


You could see a death yak (corroded, drained).

Vanquished Creatures
  A death yak (D:7)
  2 yaks (D:8)
  A steam dragon (D:8)
  Duvessa (D:5)
  A water moccasin (D:6)
  2 black bears
  An orc warrior (D:6)
  3 ice beasts
  An ogre (D:3)
  A centaur (D:7)
  A kobold brigand (D:4)
  A necrophage (D:4)
  3 bullfrogs
  2 scorpions
  6 wights
  Dowan (D:5)
  6 killer bees (D:8)
  A hound (D:5)
  2 orc priests
  Crazy Yiuf (D:5)
  2 jellies
  4 iguanas
  4 orc wizards
  8 mummies (Ossuary)
  6 gnolls
  8 adders
  2 shadow imps (D:5)
  A worm (D:2)
  2 dart slugs
  27 orcs
  9 bats
  5 endoplasms
  A giant cockroach (D:1)
  A gnoll zombie (Ossuary)
  13 goblins
  6 hobgoblins
  3 jackals (D:2)
  3 quokkas
  6 ball pythons
  2 frilled lizards
  A hobgoblin zombie (Ossuary)
  11 kobolds
  3 kobold zombies
  4 orc zombies (Ossuary)
  9 rats
  A butterfly (D:7)
180 creatures vanquished.

Notes
Turn   | Place    | Note
-------+----------+-------------------------------------------
     0 | D:1      | greasedhog the Gargoyle Hunter began the quest for the Orb.
     0 | D:1      | Reached XP level 1. HP: 12/12 MP: 1/1
    83 | D:1      | Found a faded altar of an unknown god.
   213 | D:1      | Reached XP level 2. HP: 17/17 MP: 2/2
   578 | D:1      | Found Mimes's Jewellery Shoppe.
   909 | D:1      | Reached XP level 3. HP: 21/21 MP: 3/3
  1192 | D:2      | Found a broken altar of Ashenzari.
  1543 | D:2      | Reached XP level 4. HP: 26/26 MP: 4/4
  2026 | D:2      | Reached skill level 5 in Ranged Weapons
  2313 | D:3      | Found a hazy altar of Hepliaklqana.
  2314 | D:3      | Found a hide-covered altar of Uskayaw.
  2314 | D:3      | Noticed an ogre
  2318 | D:3      | Killed an ogre
  2319 | D:3      | Reached XP level 5. HP: 30/30 MP: 5/5
  2336 | D:3      | Found a shadowy altar of Dithmenos.
  2339 | D:3      | Found a bloodstained altar of Trog.
  2341 | D:3      | Found a blossoming altar of Fedhas.
  2344 | D:3      | Found a radiant altar of Vehumet.
  2347 | D:3      | Found a glowing golden altar of the Shining One.
  2368 | D:3      | Became a worshipper of Dithmenos the Shadowed
  2809 | D:3      | Reached XP level 6. HP: 35/35 MP: 6/6
  2904 | D:3      | Reached skill level 5 in Stealth
  3312 | D:4      | Reached * piety under Dithmenos
  3333 | D:4      | Reached skill level 6 in Ranged Weapons
  3549 | D:4      | Found a sand-covered staircase.
  3563 | Ossuary  | Entered an ossuary
  3604 | Ossuary  | Reached XP level 7. HP: 26/41 MP: 7/7
  4162 | D:4      | Found a sacrificial altar of Ru.
  4570 | D:4      | Reached ** piety under Dithmenos
  4910 | D:5      | Entered Level 5 of the Dungeon
  4916 | D:5      | Noticed Duvessa
  4921 | D:5      | Noticed Dowan
  4934 | D:5      | Killed Duvessa
  4935 | D:5      | Reached skill level 7 in Ranged Weapons
  4940 | D:5      | Killed Dowan
  4941 | D:5      | Reached skill level 5 in Fighting
  5180 | D:5      | Found a sparkling altar of Nemelex Xobeh.
  5398 | D:5      | Found a runed translucent door.
  5399 | D:5      | Noticed Crazy Yiuf
  5550 | D:5      | Reached XP level 8. HP: 49/49 MP: 8/8
  6017 | D:5      | Killed Crazy Yiuf
  6221 | D:6      | Found a shimmering blue altar of Sif Muna.
  6546 | D:6      | Reached skill level 8 in Ranged Weapons
  6887 | D:6      | Found a glowing silver altar of Zin.
  7243 | D:6      | Found a staircase to the Ecumenical Temple.
  7249 | Temple   | Entered the Ecumenical Temple
  7400 | D:6      | You fall into a shaft and drop 2 floors!
  7403 | D:8      | Identified the +2 leather armour of Cuff {rF++}
  7427 | D:8      | Reached skill level 9 in Ranged Weapons
  7427 | D:8      | Reached XP level 9. HP: 54/54 MP: 9/9
  7449 | D:8      | Noticed a kobold demonologist
  7450 | D:8      | Found a transporter.
  7465 | D:8      | Noticed a kobold demonologist
  7479 | D:8      | Found Luisen's Vocational Training.
  7501 | D:8      | Noticed a death yak
  7532 | D:8      | Noticed a death yak
  7534 | D:8      | Noticed a death yak
  8070 | D:7      | Reached skill level 5 in Dodging
  8125 | D:7      | Found Teok's General Store.
  8135 | D:7      | Bought a scroll of identify for 28 gold pieces
  8216 | D:7      | Reached skill level 1 in Invocations
  8314 | D:7      | Found a shimmering altar of Xom.
  8960 | D:6      | Identified the +0 robe of Anarchy {Harm rElec Will- Str-2}
  9252 | D:8      | Found a transporter.
  9388 | D:8      | Found a staircase to the Lair.
  9550 | D:8      | Reached skill level 10 in Ranged Weapons
  9862 | D:8      | Reached skill level 5 in Invocations
  9916 | D:7      | Killed a death yak
  9917 | D:7      | Reached XP level 10. HP: 15/59 MP: 13/13
 10162 | D:7      | Slain by a death yak

Illustrated notes

Levels and vault maps discovered:
D:1:      dpeg_arrival_ratfight, layout_loops_corners, basic_ecumenical_altar,
          serial_shops, nicolae_shop_hallway_plus
D:2:      layout_loops_corners, basic_altar
D:3:      layout_loops_corners, nicolae_overflow_hallway_of_the_gods
D:4:      layout_rooms, nicolae_overflow_hidden_temple, enter_ossuary_3,
          chequers_serial_rivers_small_3
D:5:      layout_cave_pods, marbit_many_paths, serial_bayou_lagoon_b,
          uniq_crazy_yiuf_cottage, uniq_duvessa
D:6:      layout_basic, nicolae_sif_muna_condensation, lemuel_round_altar,
          minmay_temple_entry_arrows
D:7:      layout_gridville, xom_butterflies, serial_shops, shop, minivault_10,
          hangedman_decor_push
D:8:      gammafunk_wand_slinger, layout_layer_cave, kennysheep_mini,
          dpeg_lair_monsters, enter_bailey_3, nicolae_shop_vocational
Temple:   hellmonk_temple_two_chambers

Skill      XL: |  1  2  3  4  5  6  7  8  9 |
---------------+----------------------------+-----
Stealth        | 2 3 4 5 |  5.0
Ranged Weapons | 5 6 7 9 10 | 10.9
Fighting       | 3 5 |  5.0
Dodging        | 4 5 |  5.0
Invocations    | 5 |  5.0
Armour         | 3 |  3.1

Action                   |  1- 3 |  4- 6 |  7- 9 | 10-12 || total
-------------------------+-------+-------+-------+-------++-------
Melee: Short sword       |     2 |    37 |   274 |    10 ||   323
       Punch             |       |       |     4 |       ||     4
 Fire: Shortbow          |   108 |   129 |   327 |       ||   564
Evoke: Wand              |       |       |     5 |     4 ||     9
  Use: Scroll            |     2 |     1 |    12 |       ||    15
       Potion            |       |       |     3 |       ||     3
 Stab: Sleeping          |       |       |     1 |       ||     1
Armor: Leather armour    |    25 |    22 |   146 |     5 ||   198
Dodge: Dodged            |    30 |    30 |   257 |     6 ||   323
Block: Other             |    10 |    13 |    80 |       ||   103
       Reflection        |       |       |     3 |       ||     3

Table legend: (Time is in decaauts)
 A = Elapsed time spent in this place.
 B = Non-inter-level travel time spent in this place.
 C = Inter-level travel time spent in this place.
 D = Time resting spent in this place.
 E = Time spent auto-exploring this place.
 F = Levels seen in this place.
 G = Mean time per level.
                   A        B        C        D        E       F      G
               +--------+--------+--------+--------+--------+-----+--------+
         Total |  10309 |   9988 |    321 |   1273 |   6972 |  10 | 1030.9 |
       Dungeon |   9714 |   9393 |    321 |   1011 |   6813 |   8 | 1214.2 |
        Temple |      1 |      1 |      0 |      0 |      0 |   1 |    1.0 |
       Ossuary |    593 |    593 |      0 |    262 |    159 |   1 |  593.0 |
               +--------+--------+--------+--------+--------+-----+--------+

Top non-repeatable levels by time:
     D:6: 1582 daAuts
     D:7: 1449 daAuts
     D:5: 1345 daAuts
     D:1: 1218 daAuts
     D:4: 1073 daAuts
     D:2: 1061 daAuts
     D:3: 1047 daAuts
     D:8: 936 daAuts
 Ossuary: 593 daAuts
  Temple: 1 daAuts
